 Dungeon Crawl Stone Soup version 0.30-a0-860-g512cf1e979 (webtiles) character file.

Game seed: 6960677893856632700

50 Orangeyouglad the Chiller (level 4, -1/30 HPs)
             Began as a Human Ice Elementalist on Mar 8, 2023.
             Was a High Priest of Ignis.
             Succumbed to an adder's poison
             ... on level 2 of the Dungeon.
             The game lasted 00:03:57 (1738 turns).

Orangeyouglad the Chiller (Human Ice Elementalist)  Turns: 1738, Time: 00:03:57

Health: -1/30      AC:  9    Str: 10    XL:     4   Next: 4%
Magic:  0/7        EV: 12    Int: 16    God:    Ignis [*****.]
Gold:   126        SH:  0    Dex: 13    Spells: 4/8 levels left

rFire   + . .      SeeInvis .    e - +0 short sword
rCold   . . .      Faith    .    (no shield)
rNeg    . . .      Spirit   .    a - +0 robe
rPois   .          Reflect  .    (no helmet)
rElec   .          Rampage  .    (no cloak)
rCorr   .                        (no gloves)
Will    .....                    (no boots)
Stlth   ++                       (no amulet)
HPRegen 0.25/turn                (no ring)
MPRegen 0.10/turn                (no ring)

@: lethally poisoned (-1 -> -6), freezing walls, attractive, fiery-armoured,
very slightly contaminated
A: no striking features
a: Renounce Religion, Fiery Armour, Foxfire Swarm, Rising Flame


You were on level 2 of the Dungeon.
You worshipped Ignis.
Ignis was extremely pleased with you.
You visited 1 branch of the dungeon, and saw 2 of its levels.

You collected 126 gold pieces.

Inventory:

Hand Weapons
 e - a +0 short sword (weapon)
Armour
 a - a +0 robe (worn)
Scrolls
 c - a scroll of enchant armour {unknown}
 d - a scroll of teleportation {unknown}
 f - a scroll of blinking {unknown}
 g - a scroll of enchant weapon {unknown}
 i - 2 scrolls of identify {unknown}
 j - a scroll of fear {unknown}
Potions
 b - a potion of magic


   Skills:
 + Level 2.6 Dodging
 + Level 2.7 Stealth
 + Level 2.5 Spellcasting
 + Level 4.3 Ice Magic


You had 4 spell levels left.
You knew the following spells:

 Your Spells              Type           Power      Damage    Failure   Level
a - Freeze                Ice            60%        1d7       3%          1
b - Frozen Ramparts       Ice            30%        1d5       10%         3

Your spell library contained the following spells:

 Spells                   Type           Power      Damage    Failure   Level
 Ozocubu's Armour         Ice            15%        N/A       10%         3
 Slow                     Hex            8%         N/A       21%         1
 Blink                    Tloc           4%         N/A       30%         2
 Confusing Touch          Hex            2%         N/A       52%         3
 Vampiric Draining        Necr           2%         2d6       52%         3
 Summon Ice Beast         Ice/Summ       8%         N/A       63%         4
 Alistair's Intoxication  Tmut/Pois      1%         N/A       99%         5
 Statue Form              Tmut/Erth      1%         N/A       100%        6


Dungeon Overview and Level Annotations

Branches:
Dungeon (2/15)

Altars:
Ignis


Message History

Nothing appears to happen.
You feel very sick. The adder misses you.
Casting: Frozen Ramparts (quite dangerous; 11% risk of failure)
Confirm with . or Enter, or press ? or * to list all spells.
The spell is quite dangerous to miscast (11% risk of failure)!
Continue anyway?
Casting: Frozen Ramparts (quite dangerous; 11% risk of failure)
Press: ? - help, Dir - look around, f - activate The walls around you are covered in ice.
You feel sick.
The wall freezes the adder but does no damage.
The adder closely misses you.
The wall freezes the ball python. x2
You kill the ball python!
The wall freezes the goblin.
A protective cloak of flame settles atop you.
* * * LOW HITPOINT WARNING * * *
You feel sick.
The wall freezes the adder but does no damage.
The adder barely misses you.
The wall freezes the adder.
The adder closely misses you.
The wall freezes the goblin.
You kill the goblin!
You feel sick.
The wall freezes the adder.
The adder seems to slow down.
The adder bites you.
* * * LOW HITPOINT WARNING * * *
You are more poisoned.
The adder poisons you!
The adder is burned by your cloak of flames.
You kill the adder!
You have reached level 4!
You feel clever.
* * * LOW HITPOINT WARNING * * *
You feel sick.
Okay, then.
It was a potion of attraction.
You feel attractive to monsters.
* * * LOW HITPOINT WARNING * * *
You feel sick.
Okay, then.
Okay, then.
You die...

## ####. . ##
.###########.....##. .####
.................#.##.$..
.######...##.......#...# .# #...#
..........# .# #...# ......g...#
.# #...# #....####
.######...########.........
................@†)........
#######...#########........
############################
######...........................
.....†..........#################
..........#####.##
..........#####..#
..............##.#
..............##.# ############


There were no monsters in sight!

Vanquished Creatures
  An adder (D:2)
  A dart slug (D:1)
  3 endoplasms (D:2)
  2 giant cockroaches (D:1)
  2 goblins (D:2)
  3 hobgoblins
  2 jackals (D:2)
  4 kobolds
  2 quokkas (D:2)
  2 ball pythons (D:2)
  8 bats
  3 frilled lizards
  A rat (D:1)
34 creatures vanquished.

Notes
Turn   | Place    | Note
-------+----------+-------------------------------------------
     0 | D:1      | Orangeyouglad the Human Ice Elementalist began the quest
                  | for the Orb.
     0 | D:1      | Reached XP level 1. HP: 13/13 MP: 3/3
   273 | D:1      | Reached XP level 2. HP: 19/19 MP: 0/5
   822 | D:1      | Got the Secrets of the Mutable Jaunt
  1013 | D:2      | Reached XP level 3. HP: 17/24 MP: 2/6
  1237 | D:2      | Learned a level 3 spell: Frozen Ramparts
  1494 | D:2      | Found a faded altar of an unknown god.
  1599 | D:2      | Prayed at the altar of an unknown god.
  1599 | D:2      | Became a worshipper of Ignis, the Dying Flame
  1736 | D:2      | Reached XP level 4. HP: 3/30 MP: 0/7
  1737 | D:2      | HP: 1/30 [poisoned by an adder]
  1738 | D:2      | Succumbed to an adder's poison

Illustrated notes

Levels and vault maps discovered:
D:1:      dpeg_arrival_solitude, layout_basic, chequers_serial_rivers_small_3,
          minivault_24
D:2:      layout_basic, dilly_ecumenical_altar_fadedgnrine, minmay_tetromino_s2

Action                     |  1- 3 |  4- 6 || total
---------------------------+-------+-------++-------
  Melee: Unarmed           |     2 |       ||     2
         Short sword       |    22 |       ||    22
   Cast: Freeze            |    36 |       ||    36
         Frozen Ramparts   |     3 |       ||     3
 Invoke: Fiery Armour      |     1 |       ||     1
    Use: Potion            |       |     1 ||     1
   Stab: Sleeping          |     2 |       ||     2
 Armour: Robe              |    17 |       ||    17
  Dodge: Dodged            |    56 |       ||    56

Table legend: (Time is in decaauts)
 A = Elapsed time spent in this place.
 B = Non-inter-level travel time spent in this place.
 C = Inter-level travel time spent in this place.
 D = Time resting spent in this place.
 E = Time spent auto-exploring this place.
 F = Levels seen in this place.
 G = Mean time per level.
                   A        B        C        D        E       F      G
               +--------+--------+--------+--------+--------+-----+--------+
         Total |   1740 |   1693 |     47 |    103 |   1253 |   2 |  870.0 |
       Dungeon |   1740 |   1693 |     47 |    103 |   1253 |   2 |  870.0 |
               +--------+--------+--------+--------+--------+-----+--------+

Top non-repeatable levels by time:
     D:1: 911 daAuts
     D:2: 828 daAuts
